 Dungeon Crawl Stone Soup version 0.27.1-3-gb3d3a73c9e (webtiles) character file.

Game seed: 4736567558161766473

1131 earthworldpsion the Chopper (level 8, -11/106 HPs)
             Began as a Minotaur Berserker on Oct 20, 2021.
             Was a Priest of Trog.
             Mangled by an orc warrior (16 damage)
             ... on level 5 of the Dungeon.
             The game lasted 00:08:55 (4829 turns).

earthworldpsion the Chopper (Minotaur Berserker)    Turns: 4829, Time: 00:08:56

Health: -11/106    AC:  6    Str: 24    XL:     8   Next: 13%
Magic:  7/7        EV: 12    Int:  4    God:    Trog [***...]
Gold:   218        SH:  0    Dex: 10    Spells: 7/7 levels left

rFire    . . .     SeeInvis .   d - +1 war axe (flame)
rCold    . . .     Faith    +   (no shield)
rNeg     . . .     Spirit   .   i - +0 ring mail
rPois    .         Reflect  .   (helmet restricted)
rElec    .         Harm     .   (no cloak)
rCorr    .         Rampage  .   (no gloves)
Will     ++...                  (no boots)
Stlth    ..........             j - amulet of faith
HPRegen  1.27/turn              (no ring)
MPRegen  0.10/turn              (no ring)

@: berserking, strong-willed, regenerating, very quick
A: horns 2, retaliatory headbutt
a: Renounce Religion, Berserk, Trog's Hand


You were on level 5 of the Dungeon.
You worshipped Trog.
Trog was most pleased with you.
You visited 1 branch of the dungeon, and saw 5 of its levels.

You collected 218 gold pieces.

Inventory:

Hand Weapons
 a - a +0 hand axe
 d - a +1 war axe of flaming (weapon)
 l - a +0 mace of protection
Missiles
 k - a throwing net (quivered)
Armour
 b - a +0 animal skin
 i - a +0 ring mail (worn)
Jewellery
 j - an amulet of faith (around neck)
Scrolls
 c - 2 scrolls of fear
 f - a scroll of magic mapping {unknown}
 m - a scroll of enchant armour {unknown}
 n - a scroll of torment
 o - a scroll of fog {unknown}
Potions
 e - 3 potions of resistance
 g - 2 potions of curing
 h - a potion of ambrosia


   Skills:
 + Level 6.8 Fighting
 + Level 6.8 Axes
 + Level 6.2 Armour
 + Level 5.6 Dodging


You had 7 spell levels left.
You didn't know any spells.
Your spell library was empty.

Dungeon Overview and Level Annotations

Branches:
Dungeon (5/15)
 Temple: D:4-7

Altars:

Shops:
D:2 =   D:4 *

Annotations:
D:4 2 transporters, onlghost's ghost, amateur OgMo


Innate Abilities, Weirdness & Mutations

You have a pair of horns on your head.
You reflexively headbutt those who attack you in melee.


Message History

An orc warrior comes into view. It is wielding a +0 war axe.
Things that are here:
a +0 dagger; a +0 robe You hit the orc warrior.
You burn the orc warrior. Your headbutt misses the orc warrior.
The orc warrior is moderately wounded.
The orc warrior barely misses you.
You closely miss the orc warrior.
The orc warrior is moderately wounded.
The orc warrior hits you with a +0 war axe!
You barely miss the orc warrior. You headbutt the orc warrior.
The orc warrior is moderately wounded.
The orc warrior hits you with a +0 war axe!
You slash the orc warrior! You burn the orc warrior.
You headbutt the orc warrior.
The orc warrior is almost dead.
An ogre comes into view. It is wielding a +0 giant spiked club.
The orc warrior hits you with a +0 war axe.
The ogre moves out of view.
You are too injured to fight recklessly!
You are too injured to fight recklessly!
You are too injured to fight recklessly!
You are too injured to fight recklessly!
You barely miss the orc warrior.
The orc warrior is almost dead.
The orc warrior hits you with a +0 war axe!
You closely miss the orc warrior. Your headbutt misses the orc warrior.
The orc warrior is almost dead.
The orc warrior barely misses you.
The orc warrior hits you with a +0 war axe!!
* * * LOW HITPOINT WARNING * * *
Your skin crawls.
You feel strong-willed.
The orc warrior hits you with a +0 war axe!
* * * LOW HITPOINT WARNING * * *
A red film seems to cover your vision as you go berserk!
You feel yourself moving faster!
You feel mighty!
An orc comes into view. It is wielding a +0 hand axe.
The orc warrior hits you with a +0 war axe!
You die...

#........
#........
##+##
#........
..... .......#
#.o...#......#
#...#......
#.o...# #@#
#.# ####.#
#....#
.######>####
........<..#
...#######.# #


You could see an orc warrior and an orc.

Vanquished Creatures
  Pikel (D:4)
  Menkaure (D:4)
  A lemure (D:4)
  3 phantoms (D:4)
  A scorpion (D:4)
  Crazy Yiuf (D:2)
  Terence (D:2)
  An orc wizard (D:5)
  A hound zombie (D:3)
  2 adders (D:4)
  11 gnolls (D:4)
  2 river rats (D:3)
  An adder skeleton (D:3)
  A dart slug (D:1)
  3 orcs
  4 ball pythons (D:1)
  5 endoplasms
  3 giant cockroaches
  6 goblins
  6 hobgoblins
  6 jackals
  3 kobolds
  A ball python zombie (D:3)
  8 bats
  4 frilled lizards
  2 quokka skeletons (D:3)
  9 rats
88 creatures vanquished.

Vanquished Creatures (others)
  A withered plant (D:3)
1 creature vanquished.

Grand Total: 89 creatures vanquished

Notes
Turn   | Place    | Note
-------+----------+-------------------------------------------
     0 | D:1      | earthworldpsion the Minotaur Berserker began the quest for
                  | the Orb.
     0 | D:1      | Reached XP level 1. HP: 19/19 MP: 0/0
   176 | D:1      | Reached XP level 2. HP: 26/27 MP: 1/1
   876 | D:2      | Reached ** piety under Trog
   877 | D:2      | Reached XP level 3. HP: 33/33 MP: 2/2
  1164 | D:2      | Noticed Terence
  1169 | D:2      | Killed Terence
  1286 | D:2      | Found a runed translucent door.
  1287 | D:2      | Noticed Crazy Yiuf
  1297 | D:2      | Killed Crazy Yiuf
  1298 | D:2      | Reached XP level 4. HP: 21/41 MP: 3/3
  1615 | D:2      | Found Qucasaubb's Jewellery Boutique.
  2719 | D:3      | Found a faded altar of an unknown god.
  2839 | D:3      | Reached XP level 5. HP: 30/47 MP: 4/4
  3078 | D:4      | Found a transporter.
  3078 | D:4      | Noticed onlghost's ghost (amateur OgMo)
  3083 | D:4      | Noticed a phantom
  3085 | D:4      | Found a transporter.
  3088 | D:4      | Noticed a phantom
  3089 | D:4      | Killed a phantom
  3090 | D:4      | Reached skill level 5 in Fighting
  3090 | D:4      | Reached skill level 5 in Axes
  3096 | D:4      | Reached *** piety under Trog
  3103 | D:4      | Killed a phantom
  3104 | D:4      | Reached XP level 6. HP: 20/56 MP: 2/5
  3506 | D:4      | Noticed Menkaure
  3513 | D:4      | Killed Menkaure
  3515 | D:4      | Found Gitoinuf's Lightly-Used Armoury.
  3523 | D:4      | Reached skill level 5 in Armour
  3523 | D:4      | Reached XP level 7. HP: 13/62 MP: 6/6
  4218 | D:4      | Noticed Pikel
  4236 | D:4      | Killed Pikel
  4237 | D:4      | Reached skill level 5 in Dodging
  4237 | D:4      | Reached XP level 8. HP: 32/71 MP: 7/7
  4812 | D:5      | Entered Level 5 of the Dungeon
  4828 | D:5      | HP: 2/71 [orc warrior (7)]
  4829 | D:5      | Mangled by an orc warrior

Illustrated notes

Levels and vault maps discovered:
D:1:      lightli_arrival_flooded_house, layout_loops_ring,
          nrook_mini_backslash, hex_medium, chequers_serial_rivers_room_a,
          minmay_tromino_v2
D:2:      layout_basic, serial_shops, shop, uniq_crazy_yiuf_cottage,
          uniq_terence
D:3:      layout_loops_corners, lightli_sewer_entry_pipes,
          shapermc_ecumenical_altar_mp_highgroup, serial_undead,
          serial_undead_e, serial_undead_c, serial_undead_b, serial_undead_d,
          serial_undead_e, serial_undead_f, serial_undead_e
D:4:      layout_loops_ring, gammafunk_ghost_mausoleum, corexii_corridor_pit,
          minmay_shop_damaged, uniq_menkaure, uniq_pikel
D:5:      due_chaos_kobolds, layout_basic, minmay_temple_entry_sparse_star

Skill      XL: |  1  2  3  4  5  6  7 |
---------------+----------------------+-----
Fighting       | 4 5 6 |  6.8
Axes           | 4 5 6 |  6.8
Armour         | 3 4 5 6 |  6.2
Dodging        | 3 4 5 |  5.6

Action                   |  1- 3 |  4- 6 |  7- 9 || total
-------------------------+-------+-------+-------++-------
Melee: Hand axe          |    16 |       |       ||    16
       Headbutt          |     6 |    11 |     8 ||    25
       War axe           |    30 |    70 |    41 ||   141
Throw: Throwing net      |       |       |     1 ||     1
Invok: Berserk           |     2 |       |     2 ||     4
       Trog's Hand       |       |     1 |     2 ||     3
  Use: Scroll            |     1 |     3 |     1 ||     5
       Potion            |       |       |     1 ||     1
 Stab: Sleeping          |     1 |       |       ||     1
Armor: Animal skin       |     4 |       |       ||     4
       Ring mail         |     3 |    16 |     7 ||    26
Dodge: Dodged            |    29 |    43 |    22 ||    94
